 Dungeon Crawl Stone Soup version 0.22-a0-567-gff9aefc (webtiles) character file.

176466 Amnesiac the Fetichist (level 17, -14/89 HPs)
             Began as a Spriggan Fighter on June 30, 2018.
             Was an Initiate of Gozag.
             Killed from afar by a fire giant (34 damage)
             ... with a fireball
             ... on level 4 of the Depths.
             The game lasted 02:41:45 (48698 turns).

Amnesiac the Fetichist (Spriggan Fighter)          Turns: 48698, Time: 02:41:45

Health: -14/89     AC: 25    Str: 17    XL:     17   Next: 51%
Magic:  33/33      EV: 25    Int: 20    God:    Gozag
Gold:   10515      SH: 10    Dex: 15    Spells: 3/38 levels left

rFire    + . .     SeeInvis +   a - +9 quick blade
rCold    + + +     Gourm    .   A - +2 buckler {AC+3}
rNeg     . . .     Faith    .   q - +9 ice dragon scales
rPois    .         Spirit   .   (helmet restricted)
rElec    .         Reflect  .   v - scarf {cloud immunity}
rCorr    .         Harm     .   (gloves unavailable)
MR       +++..                  (boots unavailable)
Stlth    +++.......             O - amulet of rage
HPRegen  0.24/turn              R - ring of protection from fire
MPRegen  0.23/turn              D - ring "Wafavom" {*Drain +Blink rF+ Int+8}

@: gold aura, very slightly contaminated, deflect missiles, very quick
A: very small, unfitting armour, see invisible, cold resistance 1, herbivore,
speed 3, magic resistance 1, slow metabolism 2
a: Potion Petition, Call Merchant, Bribe Branch, Renounce Religion, Evoke Blink,
Evoke Berserk Rage


You were on level 4 of the Depths.
You worshipped Gozag.
Gozag was extremely pleased with you.
You were not hungry.

You visited 3 branches of the dungeon, and saw 21 of its levels.
You also visited: Labyrinth, Bailey, Ice Cave and Wizlab.

You collected 11377 gold pieces.
You spent 828 gold pieces at shops.
You paid 34 gold pieces to Gozag.

Inventory:

Hand Weapons
 a - a +9 quick blade (weapon)
 b - a +0 blowgun
Missiles
 w - 2 throwing nets (quivered)
 C - 704 arrows
Armour
 q - +9 ice dragon scales (worn)
 v - a scarf of cloud immunity (worn)
 A - a +2 buckler of protection (worn)
Jewellery
 r - an uncursed ring of wizardry
 y - an uncursed ring of poison resistance
 D - the ring "Wafavom" (right hand) {*Drain +Blink rF+ Int+8}
   (You found it in an ice cave)

   [ring of protection from fire]

   It affects your intelligence (+8).
   It protects you from fire.
   It lets you blink.
   It causes draining when unequipped.
 E - an uncursed ring of resist corrosion
 J - a +3 amulet of reflection
 O - an amulet of rage (around neck)
 P - an uncursed amulet of the acrobat
 R - a ring of protection from fire (left hand)
 S - the ring "Ruissydi" {+Fly Dex+3}
   (You found it in a wizard's laboratory)

   [ring of flight]

   It affects your dexterity (+3).
   It lets you fly.
Wands
 n - a wand of polymorph (18)
 o - a wand of disintegration (1)
 G - a wand of paralysis (6)
 K - a wand of flame (38)
Scrolls
 e - 2 scrolls of amnesia {!r}
 h - a scroll of enchant weapon {!r}
 j - 12 scrolls of remove curse {!r}
 k - a scroll of vulnerability {!r}
 m - 8 scrolls of teleportation {!r}
 p - 3 scrolls of blinking {!r}
 B - 2 scrolls of magic mapping {!r}
 F - a scroll of enchant armour {!r}
 L - 3 scrolls of summoning {!r}
 N - a scroll of fear {!r}
 Q - a scroll of identify {!r}
Potions
 d - 3 potions of might {!q}
 g - 3 potions of cancellation {!q}
 i - a potion of ambrosia {!q}
 l - 3 potions of lignification {!q}
 s - a potion of mutation {!q}
 t - a potion of agility {!q}
 z - 2 potions of brilliance {!q}
 H - 4 potions of curing {!q}
 I - 3 potions of heal wounds {!q}
 M - 4 potions of haste {!q}
Miscellaneous
 c - a fan of gales (inert)
 u - a box of beasts
 x - a lamp of fire (inert)
Comestibles
 f - 16 rations


   Skills:
 - Level 10.0 Fighting
 - Level 10.0 Short Blades
 - Level 9.9 Armour
 - Level 15.5 Dodging
 - Level 10.0 Stealth
 - Level 7.5 Shields
 + Level 11.1 Spellcasting
 - Level 5.1 Hexes
 + Level 12.0 Charms
 - Level 2.0 Summonings
 - Level 4.0 Necromancy
 - Level 2.0 Transmutations
 + Level 5.9 Air Magic
 - Level 18.0 Evocations


You had 3 spell levels left.
You knew the following spells:

 Your Spells              Type           Power        Failure   Level  Hunger
a - Sticks to Snakes      Tmut           ###.....     14%         2    None
b - Spectral Weapon       Hex/Chrm       #####...     1%          3    None
c - Summon Butterflies    Summ           ###.....     9%          1    None
d - Song of Slaying       Chrm           ######..     1%          2    None
e - Infusion              Chrm           ####         1%          1    None
f - Mephitic Cloud        Conj/Pois/Air  ###.....     26%         3    None
g - Poisonous Vapours     Pois/Air       ###...       9%          2    None
h - Deflect Missiles      Chrm/Air       #####.....   61%         6    ######.
i - Confuse               Hex            ####....     8%          3    None
j - Summon Lightning Spi  Summ/Air       ####....     36%         4    ##.....
k - Apportation           Tloc           ##....       21%         1    None
r - Regeneration          Chrm/Necr      #####.....   2%          3    None
s - Conjure Flame         Conj/Fire      ##......     52%         3    None
z - Confusing Touch       Hex            ####..       2%          1    None

Your spell library contained the following spells:

 Spells                   Type           Power        Failure   Level  Hunger
 Cause Fear               Hex            ####......   24%         4    ##.....
 Bolt of Magma            Conj/Fire/Erth ##........   99%         5    ####...
 Slow                     Hex            ####....     3%          2    None
 Controlled Blink         Tloc           N/A          100%        8    #######
 Freezing Cloud           Conj/Ice/Air   ###.......   100%        6    ######.
 Ring of Flames           Chrm/Fire      #####.....   100%        7    #######
 Teleport Other           Tloc           ##......     52%         3    None
 Summon Small Mammal      Summ           ###.         9%          1    None
 Blink                    Tloc           N/A          30%         2    None
 Animate Dead             Necr           N/A          36%         4    ##.....
 Pain                     Necr           ####         3%          1    None
 Animate Skeleton         Necr           N/A          3%          1    None
 Vampiric Draining        Necr           ####......   12%         3    None
 Swiftness                Chrm/Air       #####...     1%          2    None
 Spider Form              Tmut/Pois      ###.......   38%         3    None
 Blade Hands              Tmut           ###.......   94%         5    ####...
 Ice Form                 Ice/Tmut       ###.....     80%         4    ##.....
 Metabolic Englaciation   Hex/Ice        ###.......   89%         5    ####...
 Silence                  Hex/Air        ####......   50%         5    ####...
 Shatter                  Erth           ##........   100%        9    #######
 Corona                   Hex            ####...      2%          1    None
 Portal Projectile        Hex/Tloc       ###...       22%         3    None
 Petrify                  Tmut/Erth      ###.....     80%         4    ##.....
 Passage of Golubria      Tloc           N/A          90%         4    ##.....
 Tornado                  Air            ####......   100%        9    #######
 Leda's Liquefaction      Hex/Erth       ###.......   56%         4    ##.....
 Shroud of Golubria       Chrm/Tloc      #####.....   2%          2    None
 Inner Flame              Hex/Fire       ###.....     22%         3    None
 Beastly Appendage        Tmut           ###...       9%          1    None
 Gell's Gravitas          Tloc           ##........   52%         3    None
 Yara's Violent Unravell  Hex/Tmut       ####......   78%         5    ####...
 Lesser Beckoning         Tloc           ##........   52%         3    None


Dungeon Overview and Level Annotations

Branches:
Dungeon (15/15)            Temple (0/1) D:6            Lair (0/6) D:11
    Orc (2/2) D:10            Elf (0/3) Orc:2        Vaults (0/5) D:14
 Depths (4/5) D:15

Altars:
Ashenzari
Cheibriados
Fedhas
Gozag
Makhleb
Okawaru
Qazlal
Sif Muna
Trog
Uskayaw
Vehumet
Zin
The Shining One
Beogh

Shops:
D:5 *   D:11 }   Orc:2 (:*%   Depths:3 *

Portals:
Hell: Depths:1 Depths:2 Depths:3
Pandemonium: Orc:2 Depths:3
Ziggurat: Depths:2

Annotations:
D:14 Mara
Depths:3 dig


Innate Abilities, Weirdness & Mutations

You are very small and have problems with some larger weapons.
You are too small for most types of armour.
You have supernaturally acute eyesight. (SInv)
You are a herbivore.
You cover ground extremely quickly.
You need to consume almost no food.
Your flesh is cold resistant. (rC+)
You are resistant to hostile enchantments. (MR+)


Message History

You completely miss the rakshasa.
The rakshasa is almost dead.
Your mature stingweird beast stings the rakshasa.
Your mature stingweird beast grabs the rakshasa.
Your mature stingweird beast constricts the rakshasa.
The rakshasa dies!
The vampire mage shimmers and vanishes! x2
What are your orders? t - Shout!
Orders for allies: a - Attack new target. r - Retreat! s - Stop attacking. g - Guard the area. f - Follow me.
Anything else - Cancel.
Gang up on whom?
Press: ? - help, Dir - move target cursor, f - vampire mage
Aim: a vampire mage, wearing a robe Attack!
The vampire mage mumbles some strange words.
Your mature stingweird beast stings the vampire mage!
Your mature stingweird beast grabs the vampire mage.
Your mature stingweird beast constricts the vampire mage!
The fire giant shouts!
You hear a shout!
You hit the vampire mage.
The vampire mage is severely damaged.
You hear two shouts!
You hear a shout!
You hit the vampire mage.
The vampire mage is severely damaged.
The vampire mage casts a spell.
You puncture the vampire mage!
The vampire mage is almost destroyed.
The vampire mage is destroyed!
The hungry ghost disappears in a puff of smoke!
The spectral quicksilver dragon disappears in a puff of smoke!
The freezing wraith disappears in a puff of smoke!
The necrophage disappears in a puff of smoke!
What are your orders? t - Shout!
Orders for allies: a - Attack new target. r - Retreat! s - Stop attacking. g - Guard the area. f - Follow me.
Anything else - Cancel.
Gang up on whom?
Press: ? - help, Dir - move target cursor, f - fire giant
Aim: a fire giant, wielding a great sword of flaming Attack!
The fire giant casts a spell at you.
The fireball explodes!
The fireball engulfs your mature stingweird beast.
Your mature stingweird beast dies!
Your mature stingweird beast's corpse disappears in a puff of smoke!
The fireball engulfs the fire giant.
The fire giant resists.
You hear a deafening roar!
You hear a shout!
You hear a deafening roar!
You hear a screech!
You hear a deafening roar!
You hear a shout!
You hear a shout!
There is a stone staircase leading down here.
The fire giant casts a spell at you.
The fireball explodes!
The fireball engulfs you! You resist.
* * * LOW HITPOINT WARNING * * *
You hear a deafening roar!
There is an open door here.
The fire giant gestures at you while chanting.
The fireball explodes!
The fireball engulfs you! You resist.
You die...
Your body crumbles into a pile of gold.

#######....#.....## ..
#.....#.....8...8.## ...
#.....#............## ..#
#.....'...8...<...8.####..#
#.....#............###.....
#.....#.....8...8.## #.....
#.....+....#.....## ##.....
#.....#....##########......
#.....#...@#.....##....####
#.....#....'.....#...$#..#
#.....#....#.....#..$##i.#
#.....#....#.>.$.#iR.# i.i#
#.....#....#....C#RM## R.D#
#.....#....######$..# #Ci[
#.....'............## V..
#.....#.........Zz.# i.%
#.....#...........##


You could see a fire giant.

Vanquished Creatures
  Jorgrun (Depths:1)
  A Cloud Mage (WizLab)
  2 thorn hunters (Depths:2)
  The ghost of PeterMcNeter the Bludgeoner, an adept GrFi of Okawaru (D:14)
  6 frost giants
  Aizul (Depths:1)
  6 stone giants
  6 very ugly things
  A spriggan defender (Depths:2)
  An entropy weaver (shapeshifter) (Depths:2)
  Azrael (D:13)
  A blizzard demon (WizLab)
  A minotaur (Lab)
  Josephine (D:13)
  6 ettins
  2 fire dragons
  7 ogre magi
  2 rakshasas
  A hydra (shapeshifter) (Depths:2)
  Harold (D:12)
  5 hydras
  5 ice dragons
  3 spriggan air magi
  A death knight (D:12)
  2 ghost crabs (WizLab)
  2 centaur warriors
  26 two-headed ogres
  2 deep troll shamans
  7 tengu warriors
  A satyr (Depths:2)
  A satyr (shapeshifter) (D:14)
  4 deep troll earth magi (Depths:3)
  2 shock serpents (WizLab)
  4 orc high priests (Orc:2)
  6 spriggan berserkers
  An infernal demonspawn (Orc:2)
  3 soul eaters
  A titan skeleton (Depths:3)
  2 iron trolls
  An unseen horror (D:15)
  7 deep trolls
  4 skeletal warriors (D:12)
  2 death drakes (WizLab)
  A shadow demon (Depths:3)
  2 flayed ghosts (Depths:3)
  2 torturous demonspawn
  A glowing orange brain (Depths:4)
  2 necromancers
  8 orc knights
  3 orc sorcerers (Orc:2)
  2 harpies (Depths:1)
  3 cyclopes
  2 frost giant zombies
  17 ugly things
  2 deep elf magi
  5 fauns (Depths:2)
  2 manticores (D:15)
  A frost giant skeleton (Depths:1)
  9 centaur zombies
  A black mamba (shapeshifter) (D:15)
  2 water nymphs (Depths:2)
  Joseph (D:7)
  An apocalypse crab (WizLab)
  2 gargoyles
  A smoke demon (Orc:2)
  2 ice statues (IceCv)
  2 rime drakes (IceCv)
  A centaur skeleton (D:15)
  A hellwing (Depths:3)
  An ice devil (Depths:3)
  15 yaktaurs
  4 tengu conjurers
  Grinder (D:6)
  A meliai (shapeshifter) (D:14)
  10 trolls
  A wind drake (shapeshifter) (Depths:2)
  3 hornets
  A queen bee (Orc:1)
  A wind drake (WizLab)
  18 slime creatures
  A meliai zombie (D:15)
  A fire giant simulacrum (Depths:3)
  A frost giant simulacrum (Depths:1)
  A porcupine (D:11)
  3 hippogriffs
  9 air elementals (WizLab)
  5 wraiths
  Sigmund (D:2)
  3 spriggans
  A wyvern (D:14)
  2 shadows
  5 yaks (D:14)
  A golden eye (shapeshifter) (Depths:3)
  4 fire elementals
  4 vampire mosquitoes (D:15)
  A hungry ghost (D:10)
  A basilisk (D:13)
  A chaos spawn (Orc:2)
  A soldier ant (D:15)
  An acid dragon (D:13)
  A warg (Orc:1)
  2 hell hounds (D:13)
  38 orc warriors
  2 eyes of draining
  A black bear (D:11)
  5 sky beasts
  4 necrophages
  3 phantoms
  24 ice beasts
  An ice beast (shapeshifter) (D:14)
  21 ogres
  2 crocodiles
  20 centaurs
  9 bullfrogs
  2 wyvern skeletons (D:12)
  9 scorpions
  28 killer bees
  11 wights
  4 howler monkeys
  An electric eel (D:13)
  3 quasits
  8 hounds
  8 crimson imps
  23 orc wizards
  2 bullfrog skeletons
  5 jellies
  34 orc priests
  2 iguanas
  3 gnoll shamans (D:5)
  6 worker ants
  A hound zombie (D:3)
  33 gnolls
  A howler monkey zombie (D:5)
  Robin (D:2)
  7 adders
  4 shadow imps
  An ooze (D:2)
  3 adder skeletons
  An adder zombie (D:5)
  2 worms (D:2)
  3 dart slugs
  5 leopard geckos
  124 orcs
  8 giant cockroaches
  22 goblins
  13 hobgoblins
  25 jackals
  9 kobolds
  5 quokkas
  9 bats
  4 frilled lizards
  5 goblin skeletons (D:9)
  3 hobgoblin zombies (D:9)
  A jackal skeleton (D:7)
  A kobold zombie (D:9)
  A leopard gecko zombie (D:5)
  2 orc skeletons (D:9)
  2 orc zombies (D:9)
  3 rats
  4 briar patches (Depths:2)
  4 plants (Depths:2)
909 creatures vanquished.

Vanquished Creatures (collateral kills)
  A golden dragon (Depths:3)
  the Enchantress (Depths:2)
  A fire dragon (Depths:4)
  A rakshasa (Depths:4)
  3 spriggan air magi (WizLab)
  A ghost crab (WizLab)
  A satyr (Depths:2)
  A two-headed ogre (Depths:1)
  2 orc high priests (Orc:2)
  A vampire mage (Depths:4)
  An orc sorcerer (Orc:2)
  An orc knight (Bailey)
  A tengu simulacrum (Depths:1)
  A slime creature (Depths:1)
  7 orc warriors
  An orc wizard (D:14)
  A worker ant (D:14)
  5 orcs
31 creatures vanquished.

Vanquished Creatures (others)
  A tengu reaver (Depths:1)
  A spark wasp (WizLab)
  A spriggan air mage (WizLab)
  A ghost crab (WizLab)
  A shock serpent (WizLab)
  A two-headed ogre (Depths:2)
  2 orc high priests (Orc:2)
  A hell knight (D:15)
  An orc knight (Bailey)
  A manticore (D:14)
  An apocalypse crab (WizLab)
  A hornet (D:10)
  A yaktaur (Depths:2)
  A wolf spider simulacrum (D:15)
  An acid dragon (D:15)
  2 porcupines (D:11)
  A hound (D:13)
  14 fungi (D:11)
  14 plants
  A spectral weapon (Depths:1)
48 creatures vanquished.

Grand Total: 988 creatures vanquished

Notes
Turn   | Place    | Note
-------+----------+-------------------------------------------
     0 | D:1      | Amnesiac the Spriggan Fighter began the quest for the Orb.
     0 | D:1      | Reached XP level 1. HP: 11/11 MP: 2/2
    42 | D:1      | Reached skill level 1 in Stealth
    74 | D:2      | Reached XP level 2. HP: 14/16 MP: 3/3
   183 | D:3      | Learned a level 1 spell: Confusing Touch
   205 | D:2      | Found an opulent altar of Gozag.
   366 | D:2      | Noticed Robin
   367 | D:2      | Noticed Sigmund
   391 | D:2      | Found a radiant altar of Vehumet.
   499 | D:2      | Became a worshipper of Gozag Ym Sagoz the Greedy
   783 | D:1      | Reached XP level 3. HP: 19/19 MP: 4/4
  1131 | D:2      | Found a bloodstained altar of Trog.
  1478 | D:2      | Reached XP level 4. HP: 23/23 MP: 5/5
  1487 | D:2      | Killed Robin
  1906 | D:3      | Found a faded altar of an unknown god.
  2200 | D:3      | Reached XP level 5. HP: 23/27 MP: 6/6
  2709 | D:2      | Reached skill level 5 in Short Blades
  2709 | D:2      | Reached skill level 5 in Stealth
  2855 | D:2      | Killed Sigmund
  2855 | D:2      | Reached XP level 6. HP: 32/32 MP: 5/7
  3534 | D:4      | Reached XP level 7. HP: 30/35 MP: 8/8
  3550 | D:4      | Found a hide-covered altar of Uskayaw.
  3684 | D:4      | Found an iron altar of Okawaru.
  4123 | D:5      | Entered Level 5 of the Dungeon
  4342 | D:5      | Found Usorass's Assorted Antiques.
  4349 | D:5      | Bought a scroll labeled QOUTHR SEPN for 24 gold pieces
  4349 | D:5      | Bought a scroll labeled ETRI RIUHAILIW for 24 gold pieces
  4349 | D:5      | Bought a scroll labeled FITOSCHEFIE for 24 gold pieces
  4349 | D:5      | Bought a scroll labeled CUVUYS RITYOSK for 24 gold pieces
  4349 | D:5      | Bought a scroll labeled ETRI RIUHAILIW for 24 gold pieces
  4349 | D:5      | Bought a copper wand for 96 gold pieces
  4729 | D:5      | Reached XP level 8. HP: 39/39 MP: 7/9
  4779 | D:5      | Reached skill level 5 in Dodging
  6985 | D:6      | Reached skill level 5 in Shields
  7036 | D:6      | Noticed Grinder
  7097 | D:6      | Killed Grinder
  7097 | D:6      | Reached XP level 9. HP: 12/43 MP: 10/10
  7319 | D:6      | Found a staircase to the Ecumenical Temple.
  7866 | D:7      | Noticed Joseph
  8432 | D:7      | Learned a level 2 spell: Sticks to Snakes
  8550 | D:7      | Found a snail-covered altar of Cheibriados.
  8571 | D:7      | Found a deep blue altar of Sif Muna.
  9626 | D:7      | Found a blossoming altar of Fedhas.
  9626 | D:7      | Found a glowing silver altar of Zin.
 10038 | D:7      | Found a blossoming altar of Fedhas.
 10038 | D:7      | Found a glowing silver altar of Zin.
 10116 | D:7      | Found a snail-covered altar of Cheibriados.
 10123 | D:7      | Found a deep blue altar of Sif Muna.
 10311 | D:7      | Killed Joseph
 10580 | D:8      | Noticed a two-headed ogre
 10583 | D:8      | Killed a two-headed ogre
 10583 | D:8      | Reached skill level 10 in Dodging
 10583 | D:8      | Reached XP level 10. HP: 47/47 MP: 11/11
 10636 | D:8      | Reached skill level 1 in Evocations
 10664 | D:8      | Noticed a two-headed ogre
 10700 | D:8      | Killed a two-headed ogre
 10700 | D:8      | Reached skill level 5 in Evocations
 10730 | D:8      | Noticed a two-headed ogre
 10751 | D:8      | Killed a two-headed ogre
 10751 | D:8      | Reached skill level 7 in Evocations
 10761 | D:8      | Got a steaming silver ring
 10763 | D:8      | Identified the ring "Iruhi" {*Corrode +Fly MR+ Dex+3 SInv} (You found it on level 8 of the Dungeon)
 11279 | D:8      | Reached skill level 8 in Evocations
 12040 | D:9      | Found a stormy altar of Qazlal.
 12260 | D:9      | Found a glowing golden altar of the Shining One.
 12463 | D:9      | Identified a scroll of acquirement {!r}
 12467 | D:9      | Got a crude rapier
 12468 | D:9      | Identified the +5 rapier of Machau {pierce, rPois rC+ Dex+3} (You acquired it on level 9 of the Dungeon)
 12750 | D:10     | Entered Level 10 of the Dungeon
 13074 | D:10     | Noticed a two-headed ogre
 13547 | D:10     | Noticed a two-headed ogre
 14177 | D:10     | Found a roughly hewn altar of Beogh.
 14177 | D:10     | Found a staircase to the Orcish Mines.
 14229 | D:10     | Reached skill level 10 in Short Blades
 14229 | D:10     | Reached XP level 11. HP: 20/51 MP: 18/18
 14295 | D:10     | Reached skill level 10 in Stealth
 14765 | D:10     | Killed a two-headed ogre
 14959 | Orc:1    | Entered Level 1 of the Orcish Mines
 15220 | Orc:1    | Reached skill level 5 in Fighting
 15336 | Orc:2    | Entered Level 2 of the Orcish Mines
 17073 | Orc:1    | Reached skill level 9 in Evocations
 17548 | Orc:2    | Noticed an orc high priest
 17579 | Orc:2    | Killed an orc high priest
 17579 | Orc:2    | Reached skill level 10 in Evocations
 17661 | Orc:2    | Found Zudo's General Store.
 17662 | Orc:2    | Noticed an orc knight
 17665 | Orc:2    | Found Poizxec's Food Boutique.
 17667 | Orc:2    | Noticed a soul eater
 18266 | Orc:2    | Found a burning altar of Makhleb.
 18367 | Orc:2    | Noticed an orc knight
 18431 | Orc:2    | Killed an orc knight
 18431 | Orc:2    | Reached skill level 11 in Evocations
 19154 | Orc:2    | Killed an orc knight
 19154 | Orc:2    | Reached XP level 12. HP: 45/62 MP: 21/21
 20528 | Orc:2    | Noticed an orc high priest
 20655 | Orc:2    | Reached skill level 12 in Evocations
 20665 | Orc:2    | Noticed an orc high priest
 20761 | Orc:2    | Killed an orc high priest
 20785 | Orc:2    | Paralysed by an orc sorcerer for 6 turns
 20799 | Orc:2    | Killed an orc high priest
 21005 | Orc:2    | Noticed an orc high priest
 21182 | Orc:2    | Noticed an orc high priest
 21197 | Orc:2    | Noticed an orc high priest
 21418 | Orc:2    | Noticed an orc high priest
 21986 | Orc:2    | Noticed an orc high priest
 22003 | Orc:2    | Killed an orc high priest
 22007 | Orc:2    | Killed an orc high priest
 22011 | Orc:2    | Found Zeopto's Book Shoppe.
 22011 | Orc:2    | Found Niguwih's Antique Weapon Emporium.
 22012 | Orc:2    | Found a one-way gate leading to the halls of Pandemonium.
 22232 | Orc:2    | Killed an orc high priest
 22576 | Orc:2    | Reached skill level 13 in Evocations
 22761 | Orc:2    | Found a staircase to the Elven Halls.
 23024 | D:11     | Found a staircase to the Lair.
 23222 | D:11     | Found Seesofe's Gadget Shoppe.
 23229 | D:11     | Bought a box of beasts for 260 gold pieces
 23272 | D:11     | Found a labyrinth entrance.
 23289 | Lab      | Entered a labyrinth
 23824 | Lab      | Noticed a minotaur
 23839 | Lab      | Killed a minotaur
 23841 | Lab      | Got a polished short sword {pierce}
 23850 | Lab      | Identified Sif Muna's Disquisition on Earthen Summoning
 23854 | D:11     | Identified the cursed +0 short sword of the Extremes {pierce, Str+2 Dex+4} (You took it off a minotaur in a labyrinth)
 24846 | D:11     | Reached XP level 13. HP: 58/69 MP: 22/24
 25100 | D:12     | Noticed Harold
 25109 | D:12     | Killed Harold
 25301 | D:12     | HP: 3/69 [poisoned by a death knight]
 25307 | D:11     | HP: 2/69 [poisoned by a death knight]
 25313 | D:11     | HP: 2/69 [poisoned by a death knight]
 25319 | D:11     | HP: 1/69 [poisoned by a death knight]
 25326 | D:11     | HP: 1/69 [poisoned by a death knight]
 25332 | D:11     | HP: 1/69 [poisoned by a death knight]
 25657 | D:12     | Found a flagged portal.
 25657 | D:12     | Found a deep blue altar of Sif Muna.
 25681 | Bailey   | Entered a bailey
 26844 | D:12     | Reached skill level 14 in Evocations
 27562 | D:12     | Reached skill level 15 in Dodging
 27626 | D:13     | Noticed Azrael
 28159 | D:13     | Killed Azrael
 28285 | D:13     | Learned a level 3 spell: Spectral Weapon
 28723 | D:13     | Noticed Josephine
 28760 | D:13     | Gained mutation: You are resistant to hostile enchantments. (MR+) [potion of mutation]
 28760 | D:13     | Gained mutation: Your flesh is cold resistant. (rC+) [potion of mutation]
 28768 | D:13     | Killed Josephine
 28946 | D:13     | Reached skill level 15 in Evocations
 29383 | D:14     | Reached skill level 1 in Armour
 29551 | D:14     | Reached skill level 10 in Fighting
 29654 | D:14     | Reached XP level 14. HP: 34/77 MP: 26/26
 29770 | D:14     | Found a frozen archway.
 29873 | D:14     | Learned a level 1 spell: Summon Butterflies
 29877 | D:14     | Learned a level 3 spell: Regeneration
 30083 | IceCv    | Entered an ice cave
 30422 | IceCv    | Learned a level 2 spell: Song of Slaying
 30424 | IceCv    | Learned a level 1 spell: Infusion
 30608 | IceCv    | Got a smoking turquoise ring
 30927 | D:14     | Identified the ring "Wafavom" {*Drain +Blink rF+ Int+8} (You found it in an ice cave)
 31092 | D:14     | Reached skill level 5 in Armour
 31540 | D:14     | Found a runed door.
 31942 | D:14     | Found a gate to the Vaults.
 32201 | D:14     | Noticed PeterMcNeter's ghost (adept GrFi)
 32413 | D:14     | Killed PeterMcNeter's ghost
 32677 | D:15     | Entered Level 15 of the Dungeon
 34454 | D:15     | Found a staircase to the Depths.
 34665 | Depths:1 | Entered Level 1 of the Depths
 34665 | Depths:1 | Noticed Mara
 34668 | Depths:1 | Noticed Amnesiac's illusion
 34730 | D:15     | Noticed Amnesiac's illusion
 34870 | Depths:1 | Noticed a stone giant
 35212 | D:15     | Reached XP level 15. HP: 64/80 MP: 27/27
 35948 | D:15     | Noticed Amnesiac's illusion
 36367 | Depths:1 | Reached skill level 1 in Spellcasting
 36540 | Depths:1 | Reached skill level 5 in Spellcasting
 36735 | Depths:1 | Noticed a tengu reaver
 36737 | Depths:1 | a tengu reaver changed into an iron troll
 37048 | Depths:1 | Found a gateway to Hell.
 37296 | Depths:1 | Noticed a tengu reaver
 37298 | Depths:1 | Noticed a frost giant
 37319 | Depths:1 | Reached skill level 1 in Charms
 37724 | Depths:1 | Reached skill level 5 in Charms
 37839 | Depths:1 | Killed a frost giant
 37881 | Depths:1 | Noticed Jorgrun
 37942 | Depths:1 | Killed Jorgrun
 38015 | Depths:1 | Reached skill level 1 in Hexes
 38025 | Depths:1 | Noticed Aizul
 38069 | Depths:1 | Killed Aizul
 38756 | Depths:2 | Noticed a frost giant
 38780 | Depths:2 | Reached skill level 1 in Summonings
 38800 | Depths:2 | Killed a frost giant
 38800 | Depths:2 | Reached skill level 1 in Necromancy
 38831 | Depths:2 | Found a shattered altar of Ashenzari.
 39129 | Depths:2 | Reached XP level 16. HP: 77/85 MP: 27/29
 39215 | Depths:2 | Found a magical portal.
 39239 | WizLab   | Entered The Chambers of the Cloud Mage
 39464 | WizLab   | Reached skill level 1 in Transmutations
 39517 | WizLab   | Learned a level 3 spell: Mephitic Cloud
 39521 | WizLab   | Learned a level 3 spell: Conjure Flame
 39524 | WizLab   | Learned a level 2 spell: Poisonous Vapours
 39529 | WizLab   | Learned a level 4 spell: Petrify
 39533 | WizLab   | Learned a level 3 spell: Confuse
 39973 | WizLab   | Reached skill level 5 in Hexes
 41052 | WizLab   | Noticed Jiystrymy
 41389 | WizLab   | Killed Jiystrymy the Cloud Mage
 41389 | WizLab   | Reached skill level 16 in Evocations
 41635 | WizLab   | Identified the Compendium of Flight
 41640 | WizLab   | Got a pitted brass ring
 41647 | WizLab   | Identified the Catalogue of Quantum Talismans
 41652 | WizLab   | Got a vibrating bronze ring
 41656 | WizLab   | Identified the ring "Ruissydi" {+Fly Dex+3} (You found it in a wizard's laboratory)
 41727 | Depths:2 | Identified the ring "Dogythro" {*Corrode +Fly MP+9 Int+5} (You found it in a wizard's laboratory)
 42304 | Depths:2 | Noticed a thorn hunter
 42500 | Depths:2 | Found a gateway to a ziggurat.
 42968 | Depths:2 | Killed a thorn hunter
 42968 | Depths:2 | Reached skill level 17 in Evocations
 43206 | Depths:2 | Learned a level 6 spell: Deflect Missiles
 43916 | Depths:2 | Noticed a thorn hunter
 43943 | Depths:2 | Reached skill level 18 in Evocations
 44246 | Depths:2 | Noticed the Enchantress
 44529 | Depths:2 | Killed a thorn hunter
 44529 | Depths:2 | Reached skill level 1 in Air Magic
 44794 | Depths:2 | Killed the Enchantress
 44796 | Depths:2 | Got faerie dragon scales
 44904 | Depths:2 | Got an ichor-stained hunting sling
 44955 | Depths:2 | Identified the +6 hunting sling "Wasopt" {freeze, rPois SInv} (You found it on level 2 of the Depths)
 45230 | Orc:2    | Bought a scroll of enchant armour for 82 gold pieces
 45230 | Orc:2    | Bought a potion of heal wounds for 55 gold pieces
 45230 | Orc:2    | Bought a scroll of teleportation for 33 gold pieces
 45825 | Depths:3 | Identified the +2 faerie dragon scales {+Fly rPois rC- rCorr} (You took it off the Enchantress on level 2 of the Depths)
 46148 | Depths:3 | Reached XP level 17. HP: 80/89 MP: 31/31
 46161 | Depths:3 | Reached skill level 10 in Charms
 46323 | Depths:3 | Reached skill level 10 in Spellcasting
 47098 | Depths:3 | Found Haenuino's Assorted Antiques.
 47105 | Depths:3 | Bought a smoky white potion for 27 gold pieces
 47105 | Depths:3 | Bought a fine glass ring for 155 gold pieces
 47196 | Depths:3 | Reached skill level 5 in Air Magic
 47202 | Depths:3 | Identified the ring of Charity {*Tele Dex+2} (You bought it in a shop on level 3 of the Depths)
 47211 | Depths:3 | Learned a level 4 spell: Summon Lightning Spire
 47213 | Depths:3 | Learned a level 1 spell: Apportation
 47532 | Depths:3 | Noticed a golden dragon
 47558 | Depths:3 | Killed a golden dragon
 47576 | Depths:3 | Noticed a caustic shrike
 48698 | Depths:4 | Killed from afar by a fire giant

Vault maps used:
D:1:      ncdulo_watergridlock
D:2:      wad_pebble_path, lemuel_doored_altar, vehumet_crystals,
          grunt_ministairs_9, trog_book, uniq_sigmund, uniq_robin
D:3:      chequers_ecumenical_altar_twisty
D:4:      okawaru_altar_gauntlet_db, lemuel_round_altar, first_ration,
          minmay_misc_feat_nine_boxes
D:5:      lemuel_castle_with_subvaults, serial_shops,
          nicolae_shop_overgrown_old_shop
D:6:      minmay_temple_entry_junction, uniq_grinder
D:7:      minitemple, chequers_temple_overflow_statue_of_worship, uniq_joseph
D:8:      the_bakery
D:9:      nicolae_tso_besieged_by_evil, grunt_qazlal_sundering
D:10:     david_orc_5, fountainhead
D:11:     due_lair_maze_entry_diamond, serial_shops, shop, lab_entry_generic,
          fungi_pond_lemuel
D:12:     basic_altar, enter_bailey_3, uniq_harold
D:13:     dk_noncrumbling_2, serial_bayou_lake_a, uniq_azrael, uniq_josephine
D:14:     david_vaults_4, portal_ice_cave_entry_ice_beasts,
          ebering_ghost_inner_flame, st_stairs_8
D:15:     hangedman_depths_entry_civil_slaughter
Orc:1:    special_room
Orc:2:    pf_orc_diabolical, basic_altar, special_room, nicolae_orc_stony_grotto
Depths:1: kennysheep_spiral_hall, hangedman_coc_ice_floe, hangedman_aviary,
          uniq_mara, uniq_jorgrun, uniq_aizul
Depths:2: grunt_forest_end_winery, enter_ziggurat_f,
          lightli_enter_wizlab_magi_temple, hell_entry, evilmike_ruin_ashenzari,
          uniq_enchantress
Depths:3: minmay_expanding_circles, rand_demon_pan_entry_3, serial_shops, shop,
          hell_entry, serial_sigils, serial_sigils_hangedman_stare,
          serial_sigils_hangedman_clutch, serial_sigils_hangedman_gnaw,
          serial_sigils_hangedman_writhe
Depths:4: minmay_the_grid_triangle_9x9_rhombus_full_mashed, serial_shops, shop,
          moated_statue, hell_entry, abyss_entry,
          biasface_ghost_demon_polymorph, grunt_ministairs_2, uniq_mennas,
          uniq_xtahua
Lab:      labyrinth_watery, labyrinth_skeletal_remains
Bailey:   bailey_polearm_5, bailey
IceCv:    ice_cave_small_dragons
WizLab:   wizlab_cloud

Skill      XL: |  1  2  3  4  5  6  7  8  9 10 11 12 13 14 15 16 17 |
---------------+----------------------------------------------------+-----
Stealth        | 2 3 4 6 8 9 10 | 10.0
Short Blades   | 3 4 6 8 10 | 10.0
Dodging        | 7 10 11 13 15 | 15.5
Shields        | 5 7 |  7.5
Evocations     | 8 11 13 15 18 | 18.0
Fighting       | 6 8 10 | 10.0
Armour         | 2 9 |  9.9
Spellcasting   | 8 9 11 | 11.1
Charms         | 8 9 12 | 12.0
Hexes          | 4 5 |  5.1
Summonings     | 1 2 |  2.0
Necromancy     | 4 |  4.0
Transmutations | 2 |  2.0
Air Magic      | 3 5 |  5.9

Action                   |  1- 3 |  4- 6 |  7- 9 | 10-12 | 13-15 | 16-18 || total
-------------------------+-------+-------+-------+-------+-------+-------++-------
Melee: Rapier            |   147 |   158 |   268 |   313 |       |       ||   886
       Dagger            |       |    27 |   228 |  1300 |   238 |       ||  1793
       Unarmed           |       |    13 |    99 |    98 |   124 |    50 ||   384
       Quick blade       |       |       |       |       |  2330 |  1358 ||  3688
Throw: Throwing net      |       |       |       |     2 |       |       ||     2
 Cast: Confusing Touch   |       |    10 |    45 |    52 |    42 |    21 ||   170
       Sticks to Snakes  |       |       |       |     1 |       |       ||     1
       Regeneration      |       |       |       |       |     1 |       ||     1
       Spectral Weapon   |       |       |       |       |     1 |       ||     1
       Deflect Missiles  |       |       |       |       |       |     1 ||     1
Invok: Potion Petition   |       |       |       |     1 |       |       ||     1
 Abil: Evoke Berserk Rag |       |       |       |       |     2 |     3 ||     5
       Evoke Blink       |       |       |       |       |     2 |     1 ||     3
Evoke: Wand              |       |       |     4 |    35 |    50 |    50 ||   139
       Lamp of fire      |       |       |       |       |     2 |     5 ||     7
       Box of beasts     |       |       |       |       |       |     3 ||     3
       Fan of gales      |       |       |       |       |       |     1 ||     1
  Use: Potion            |       |       |     4 |     1 |     6 |     6 ||    17
       Scroll            |       |       |       |    27 |    20 |     4 ||    51
 Stab: Sleeping          |     9 |     5 |    16 |    16 |    16 |     4 ||    66
       Distracted        |     1 |       |     4 |    11 |    24 |     8 ||    48
       Confused          |       |     7 |    39 |    48 |    43 |    25 ||   162
       Invisible         |       |       |     1 |     9 |       |       ||    10
       Held in net/web   |       |       |       |     2 |       |       ||     2
  Eat: Ration            |       |     2 |     6 |    10 |    13 |     6 ||    37
Armor: Robe              |    12 |    10 |    14 |    15 |     7 |       ||    58
       Ice dragon scales |       |       |       |       |   132 |   126 ||   258
Dodge: Dodged            |    88 |    95 |   271 |   707 |   768 |   441 ||  2370
       Deflected         |       |       |       |       |       |     3 ||     3
Block: Buckler           |    41 |    46 |   121 |   415 |   404 |   290 ||  1317
       Reflection        |       |       |       |       |       |     3 ||     3

Table legend:
 A = Spawn XP
 B = Non-spawn XP
 C = Spawn XP percentage of total XP
 D = Spawn monster count
 E = Non-spawn monster count
 F = Spawn count percentage of total count
 G = Total turns spent on level
                    A         B        C        D         E        F      G
               +---------+---------+-------+---------+---------+-------+---------
         Total |       0 |  253667 |   0.0 |       0 |     939 |   0.0 | 48698
               +---------+---------+-------+---------+---------+-------+---------
           D:1 |       0 |      37 |   0.0 |       0 |      19 |   0.0 |   520
           D:2 |       0 |     410 |   0.0 |       0 |      40 |   0.0 |  1477
           D:3 |       0 |      79 |   0.0 |       0 |      20 |   0.0 |  1113
           D:4 |       0 |     468 |   0.0 |       0 |      31 |   0.0 |  1340
           D:5 |       0 |    1029 |   0.0 |       0 |      62 |   0.0 |  2045
           D:6 |       0 |    1261 |   0.0 |       0 |      19 |   0.0 |  1516
           D:7 |       0 |    1542 |   0.0 |       0 |      25 |   0.0 |  2535
           D:8 |       0 |    3438 |   0.0 |       0 |      26 |   0.0 |  1244
           D:9 |       0 |     963 |   0.0 |       0 |      38 |   0.0 |   978
          D:10 |       0 |    4496 |   0.0 |       0 |      57 |   0.0 |  2494
          D:11 |       0 |    2670 |   0.0 |       0 |      28 |   0.0 |  1867
          D:12 |       0 |   12518 |   0.0 |       0 |      42 |   0.0 |  1713
          D:13 |       0 |    7593 |   0.0 |       0 |      36 |   0.0 |  1812
          D:14 |       0 |   12977 |   0.0 |       0 |      45 |   0.0 |  2711
          D:15 |       0 |   25159 |   0.0 |       0 |      66 |   0.0 |  3289
         Orc:1 |       0 |    2888 |   0.0 |       0 |      40 |   0.0 |  1338
         Orc:2 |       0 |   17979 |   0.0 |       0 |      90 |   0.0 |  6482
      Depths:1 |       0 |   37818 |   0.0 |       0 |      54 |   0.0 |  2940
      Depths:2 |       0 |   44758 |   0.0 |       0 |      52 |   0.0 |  3542
      Depths:3 |       0 |   46222 |   0.0 |       0 |      53 |   0.0 |  2970
      Depths:4 |       0 |    5721 |   0.0 |       0 |      10 |   0.0 |   275
           Lab |       0 |    1154 |   0.0 |       0 |       1 |   0.0 |   564
        Bailey |       0 |    2557 |   0.0 |       0 |      39 |   0.0 |   812
         IceCv |       0 |    5337 |   0.0 |       0 |      20 |   0.0 |   637
        WizLab |       0 |   14593 |   0.0 |       0 |      26 |   0.0 |  2484
               +---------+---------+-------+---------+---------+-------+---------
